 Dungeon Crawl Stone Soup version 0.17.2-1-ge4368a0 (webtiles) character file.

7 ololoev the Chopper (level 1, 0/16 HPs)
             Began as a Demonspawn Gladiator on July 25, 2016.
             Succumbed to an adder's poison
             ... on level 2 of the Dungeon.
             The game lasted 00:00:45 (132 turns).

ololoev the Chopper (Demonspawn Gladiator)           Turns: 132, Time: 00:00:45

Health: 0/16       AC:  4    Str: 15    XL:     1   Next: 91%
Magic:  1/1        EV: 12    Int:  9    God:
Gold:   6          SH:  0    Dex: 13    Spells: 0 memorised, 0 levels left

rFire  . . .     SeeInvis .     a - +0 war axe
rCold  . . .     Clarity  .     b - +0 leather armour
rNeg   . . .     SustAt   .     (no shield)
rPois  .         Gourm    +     c - +0 helmet
rElec  .         Spirit   .     (no cloak)
rCorr  .         Warding  .     (no gloves)
rMut   .         Stasis   .     (no boots)
MR     .....                    f - amulet of the gourmand
Stlth  +.........               (no ring)
                                (no ring)

@: lethally poisoned (0 -> -10), not resistant to hostile enchantments, very
unstealthy
A: no striking features
a: no special abilities

Inventory:

Hand Weapons
 a - a +0 war axe (weapon)
Missiles
 d - 3 throwing nets (quivered)
Armour
 b - a +0 leather armour (worn)
 c - a +0 helmet (worn)
Jewellery
 f - an amulet of the gourmand (around neck)
Comestibles
 e - a bread ration


   Skills:
 - Level 2.0 Fighting
 * Level 3.0 Axes
 + Level 2.0 Throwing
 + Level 0.3 Armour
 - Level 2.6 Dodging


You couldn't memorise any spells.
You didn't know any spells.


You were on level 2 of the Dungeon.
You were not hungry.

You visited 1 branch of the dungeon, and saw 2 of its levels.

You collected 6 gold pieces.

..........
###.......(#
##..........##
............#
#....[.....#
#..........#
#..lbS.....#
#.$.@S....$#
##........##
####......##
#....######
#...##.....#
#..# #.....#
.. ###...†.#
#..<####...#
#.### #...

Notes
Turn   | Place    | Note
--------------------------------------------------------------
     0 | D:1      | ololoev the Demonspawn Gladiator began the quest for the Orb.
     0 | D:1      | Reached XP level 1. HP: 16/16 MP: 1/1
   128 | D:2      | Reached skill level 3 in Axes
   132 | D:2      | Succumbed to an adder's poison

Dungeon Overview and Level Annotations

Branches:
Dungeon (2/15)

Altars:


Message History

The adder poisons you! The adder bites you but does no damage.
The hobgoblin hits you but does no damage.
The adder closely misses you.
You miss the adder.
The adder is almost dead.
You hit the giant gecko but do no damage.
You hit the hobgoblin but do no damage. You closely miss the adder.
You feel sick. The adder barely misses you. The adder barely misses you.
The adder bites you. The giant gecko bites you.
The hobgoblin barely misses you.
You are too injured to fight recklessly!
Unknown command.
You are too injured to fight recklessly!
Unknown command.
You are too injured to fight recklessly!
You closely miss the adder. You hit the hobgoblin.
The hobgoblin is almost dead.
You barely miss the giant gecko. You closely miss the adder.
The adder is almost dead.
The adder barely misses you. The adder bites you.
The giant gecko closely misses you. The hobgoblin hits you.
The adder misses you. The adder bites you.
You are more poisoned.
The adder poisons you! The giant gecko barely misses you.
Unknown command.
You barely miss the adder. x2
The adder is almost dead.
You barely miss the giant gecko. You hit the hobgoblin.
You kill the hobgoblin!
Your Throwing skill increases to level 2!
You feel sick. The bat barely misses you. The adder barely misses you.
The adder closely misses you. The giant gecko closely misses you.
The bat hits you but does no damage. The adder closely misses you.
The adder closely misses you. The bat hits you.
The giant gecko closely misses you.
Unknown command.
You miss the adder. x2
The adder is almost dead.
You completely miss the giant gecko. You miss the bat.
You die...

You could see 2 adders, a giant gecko and a bat.

Vanquished Creatures
  2 bats (D:1)
  A goblin (D:1)
  A hobgoblin (D:2)
  A kobold (D:2)
  A giant newt (D:2)
  A rat (D:2)
7 creatures vanquished.

Action                   || total
-------------------------++-------
Melee: War axe           ||    21

Vault maps used:
D:1:      lemuel_arrival_muddy
D:2:      lemuel_doored_altar, first_bread
